 Dungeon Crawl Stone Soup version 0.29.1-1-gd02db6906a (webtiles) character file.

Game seed: 12011429986307632050

1682 112233 the Caller (level 9, -8/57 HPs)
             Began as an Octopode Summoner on Oct 11, 2022.
             Was an Initiate of Sif Muna.
             Mangled by an orc warrior
             ... wielding a +0 long sword
              (15 damage)
             ... on level 7 of the Dungeon.
             The game lasted 00:08:12 (9478 turns).

112233 the Caller (Octopode Summoner)               Turns: 9478, Time: 00:08:13

Health: -8/57      AC:  1    Str:  8    XL:     9   Next: 2%
Magic:  16/16      EV: 15    Int: 21    God:    Sif Muna [......]
Gold:   343        SH:  0    Dex: 12    Spells: 5/18 levels left

rFire   + . .      SeeInvis .   p - +4 short sword
rCold   + . .      Faith    .   (no shield)
rNeg    . . .      Spirit   .   (helmet restricted)
rPois   +          Reflect  .   (no amulet)
rElec   +          Harm     .   (no ring)
rCorr   +          Rampage  .   (no ring)
Will    .....                   (no ring)
Stlth   ++++......              (no ring)
HPRegen 0.19/turn               (no ring)
MPRegen 0.15/turn               (no ring)
                                (no ring)
                                (no ring)

@: about to teleport, resistant, attractive
A: almost no armour, amphibious, 8 rings, camouflage 1, gelatinous body 1,
(nimble swimmer 1), tentacles
a: Renounce Religion


You were on level 7 of the Dungeon.
You worshipped Sif Muna.
Sif Muna was noncommittal.
You visited 2 branches of the dungeon, and saw 9 of its levels.

You collected 343 gold pieces.

Inventory:

Hand Weapons
 g - a +0 dagger
 p - a +4 short sword (weapon)
Missiles
 y - a curare-tipped dart
Magical Staves
 d - a staff of earth
Wands
 q - a wand of mindburst (20)
Scrolls
 c - 4 scrolls of teleportation
 e - 2 scrolls of fog {unknown}
 h - 3 scrolls of immolation {unknown}
 i - a scroll of enchant armour {unknown}
 j - 8 scrolls of identify
 k - a scroll of blinking {unknown}
 r - a scroll of enchant weapon {unknown}
 u - a scroll of summoning {unknown}
 w - a scroll of amnesia {unknown}
 x - 2 scrolls of magic mapping {unknown}
 A - 2 scrolls of vulnerability {unknown}
 B - a scroll of fear {unknown}
Potions
 a - a potion of magic
 b - a potion of flight
 l - a potion of haste {unknown}
 m - a potion of resistance
 n - a potion of attraction
 s - a potion of brilliance {unknown}
 t - 2 potions of might {unknown}
 v - 4 potions of mutation {unknown}
 z - a potion of lignification {unknown}


   Skills:
 + Level 3.2 Fighting
 + Level 5.5 Dodging
 - Level 6.1 Stealth
 + Level 5.1 Spellcasting
 * Level 7.6 Summonings


You had 5 spell levels left.
You knew the following spells:

 Your Spells              Type           Power      Damage    Failure   Level
a - Summon Small Mammal   Summ           100%       N/A       1%          1
b - Call Imp              Summ           37%        N/A       1%          2
c - Call Canine Familiar  Summ           37%        N/A       1%          3
d - Summon Guardian Gole  Hex/Summ       21%        N/A       7%          3
e - Summon Lightning Spi  Summ/Air       21%        N/A       22%         4

Your spell library contained the following spells:

 Spells                   Type           Power      Damage    Failure   Level
 Beastly Appendage        Tmut           10%        N/A       11%         1
 Sting                    Tmut/Pois      20%        1d4       11%         1
 Poisonous Vapours        Pois/Air       10%        N/A       16%         2
 Wereblood                Tmut           5%         N/A       16%         2
 Ozocubu's Armour         Ice            5%         N/A       32%         3
 Portal Projectile        Hex/Tloc       10%        N/A       32%         3
 Spider Form              Tmut/Pois      5%         N/A       32%         3
 Tukima's Dance           Hex            5%         N/A       32%         3
 Airstrike                Air            2%         2d(1-17)  71%         4
 Olgreb's Toxic Radiance  Pois           5%         N/A       71%         4
 Petrify                  Tmut/Erth      5%         N/A       71%         4
 Blade Hands              Tmut           2%         N/A       96%         5
 Lightning Bolt           Conj/Air       2%         1d14      96%         5
 Metabolic Englaciation   Hex/Ice        2%         N/A       96%         5
 Statue Form              Tmut/Erth      3%         N/A       100%        6
 Ozocubu's Refrigeration  Ice            2%         4d8       100%        7


Dungeon Overview and Level Annotations

Branches:
Dungeon (8/15)             Temple (1/1) D:6
   Lair: D:8-11

Altars:
Ashenzari
Cheibriados
Dithmenos
Elyvilon
Hepliaklqana
Kikubaaqudgha
Makhleb
Nemelex Xobeh
Okawaru
Qazlal
Ru
Sif Muna
Trog
Uskayaw
Vehumet
Wu Jian
Xom
Yredelemnul
The Shining One

Shops:
D:1 [

Annotations:
D:2 1 runed translucent door, Crazy Yiuf
D:6 exclusion: 2 downstairs
D:7 exclusion: downstairs


Innate Abilities, Weirdness & Mutations

You cannot wear most types of armour.
You are amphibious.
You can wear up to eight rings at the same time.
Your skin changes colour to match your surroundings (Stealth+).
Your rubbery body absorbs attacks. (AC +1, EV +1)
((You are camouflaged when in or above water. (Stealth+)))
You have tentacles for arms and can constrict up to eight enemies at once.


Message History

Sif Muna accepts your kill.
You have reached level 9!
Your experience leads to an increase in your attributes!
Increase (S)trength, (I)ntelligence, or (D)exterity?
You feel clever. x2
Unknown command.
You feel sick.
Your hound barely misses the orc warrior.
The orc warrior hits your hound with a +0 long sword!
Your hound dies!
Your hound's corpse disappears in a puff of smoke!
The orc warrior is attracted toward you.
Unknown command.
You bump into the rock wall.
You feel sick. The orc warrior completely misses you.
You bump into the crystal wall.
You feel sick. The orc warrior completely misses you.
You're too confused to move!
You feel sick.
The orc warrior hits you with a +0 long sword!
* * * LOW HITPOINT WARNING * * *
You hear a shout!
Unknown command.
You closely miss the orc warrior.
You feel sick.
You hear a shout!
The orc warrior barely misses you.
You bump into the rock wall.
You feel less invigorated.
You feel less confused.
You feel sick.
You are no longer poisoned.
The orc warrior hits you with a +0 long sword!
* * * LOW HITPOINT WARNING * * *
Unknown command.
Okay, then.
Okay, then.
Okay, then.
Okay, then.
As you read the scroll of teleportation, it crumbles to dust.
You feel strangely unstable.
The orc warrior hits you with a +0 long sword!
You die...

#.......#...#..# #.......#._.#..#
#####'###.#...#..# #.....#
#.##.##..# #.##### #..#○#...# #.#
#.#.# #.# #.#.# # #.# #.#†#.# #.#
#.o@..# #.# ####### #####.#
......#
#################################
.......).........................
#################################


You could see an orc warrior.

Vanquished Creatures
  An ogre (D:4)
  A scorpion (D:5)
  A killer bee (D:6)
  A jelly (D:5)
  An orc priest (D:7)
  A hound (D:4)
  An iguana (D:7)
  3 adders (D:4)
  A gnoll (D:2)
  A shadow imp (D:6)
  2 white imps
  An ufetubus (D:6)
  2 dart slugs
  2 orcs (D:4)
  2 bats
  4 endoplasms
  2 giant cockroaches
  6 goblins
  3 hobgoblins (D:4)
  A jackal (D:4)
  5 kobolds
  2 quokkas
  4 ball pythons
  5 rats
53 creatures vanquished.

Vanquished Creatures (collateral kills)
  A steam dragon (D:6)
  A water moccasin (D:7)
  2 ogres
  A centaur (D:7)
  A kobold brigand (D:6)
  2 bullfrogs
  A necrophage (D:4)
  A killer bee (D:7)
  3 hounds
  3 iguanas
  3 gnolls (D:2)
  2 adders
  2 ufetubi
  17 orcs
  4 bats (D:1)
  2 endoplasms
  2 goblins
  3 hobgoblins
  9 kobolds
  6 ball pythons
  3 frilled lizards (D:1)
69 creatures vanquished.

Vanquished Creatures (others)
  Duvessa (D:6)
  Dowan (D:6)
  A killer bee (D:7)
3 creatures vanquished.

Grand Total: 125 creatures vanquished

Notes
Turn   | Place    | Note
-------+----------+-------------------------------------------
     0 | D:1      | 112233 the Octopode Summoner began the quest for the Orb.
     0 | D:1      | Reached XP level 1. HP: 11/11 MP: 3/3
   370 | D:1      | Found Zedaik's Armour Shoppe.
   500 | D:1      | Reached XP level 2. HP: 17/17 MP: 0/5
   507 | D:1      | Learned a level 2 spell: Call Imp
  1163 | D:1      | Found a faded altar of an unknown god.
  1232 | D:1      | Reached XP level 3. HP: 21/21 MP: 2/6
  1739 | D:2      | Reached XP level 4. HP: 27/27 MP: 4/7
  2263 | D:2      | Found a runed translucent door.
  2264 | D:2      | Noticed Crazy Yiuf
  2531 | D:3      | Found an ornate altar of the Wu Jian Council.
  2561 | D:3      | Learned a level 3 spell: Call Canine Familiar
  3523 | D:4      | Noticed a necrophage
  3532 | D:4      | Killed a necrophage
  3533 | D:4      | Reached XP level 5. HP: 3/31 MP: 6/9
  4024 | D:4      | Noticed an ogre
  4029 | D:4      | Killed an ogre
  4030 | D:4      | Reached skill level 5 in Stealth
  4030 | D:4      | Reached skill level 5 in Summonings
  4030 | D:4      | Reached XP level 6. HP: 36/36 MP: 6/10
  5090 | D:5      | Entered Level 5 of the Dungeon
  5302 | D:5      | Reached XP level 7. HP: 11/41 MP: 2/12
  5618 | D:5      | Found a sparkling altar of Nemelex Xobeh.
  6742 | D:6      | HP: 1/41 [kobold brigand/+0 club (6)]
  7060 | D:6      | Found a staircase to the Ecumenical Temple.
  7080 | Temple   | Entered the Ecumenical Temple
  7215 | Temple   | Became a worshipper of Sif Muna the Loreminder
  7379 | D:6      | Noticed Duvessa
  7398 | D:6      | Learned a level 3 spell: Summon Guardian Golem
  7403 | D:6      | Learned a level 4 spell: Summon Lightning Spire
  7869 | D:6      | Reached skill level 1 in Fighting
  7869 | D:6      | Reached skill level 6 in Summonings
  7917 | D:6      | Noticed Dowan
  7930 | D:6      | Killed Duvessa
  7930 | D:6      | Killed Dowan
  7931 | D:6      | Reached XP level 8. HP: 38/49 MP: 8/14
  8429 | D:6      | Reached skill level 5 in Dodging
  8938 | D:7      | Found a sacrificial altar of Ru.
  9003 | D:7      | Reached skill level 7 in Summonings
  9004 | D:8      | Noticed a death yak
  9004 | D:8      | Noticed a death yak
  9004 | D:8      | Noticed a death yak
  9004 | D:8      | Noticed a death yak
  9004 | D:8      | Noticed a death yak
  9004 | D:8      | Noticed a death yak
  9004 | D:8      | Noticed a death yak
  9261 | D:7      | Reached skill level 5 in Spellcasting
  9472 | D:7      | Reached XP level 9. HP: 16/57 MP: 14/16
  9478 | D:7      | Mangled by an orc warrior

Illustrated notes

Levels and vault maps discovered:
D:1:      erik_arrival_orb_chamber, layout_basic, serial_shops, shop_fountains,
          hellmonk_ecumenical_altar_arch_garden, chequers_serial_rivers_micro_e
D:2:      layout_rooms, uniq_crazy_yiuf_cottage
D:3:      layout_basic, mainiacjoe_overflow_small_starburst,
          chequers_serial_rivers_small_b, columned_hall_lemuel
D:4:      minmay_door_path, layout_loops_ring, hangedman_decor_diamond_cutter,
          minmay_misc_feat_iff, minmay_between
D:5:      layout_loops_cross, mainiacjoe_overflow_alcove_2, due_unseen_surprise
D:6:      layout_gridville, minmay_temple_entry_glass, minivault_1,
          small_statue_intersection, uniq_duvessa
D:7:      layout_basic, mainiacjoe_overflow_surrounded_room, serial_shops,
          nicolae_diamond_shop, minmay_misc_feat_x, minmay_quadrilaterals
D:8:      layout_rooms, gammafunk_temple_overflow_arena, dpeg_lair_monsters,
          serial_glass, glass_columns_a, glass_columns_b, glass_columns_c,
          glass_columns_a, glass_columns_c, glass_columns_a, glass_columns_a,
          glass_columns_a, glass_columns_b, glass_columns_a,
          hangedman_glass_garden
Temple:   nicolae_temple_bog_church

Skill      XL: |  1  2  3  4  5  6  7  8 |
---------------+-------------------------+-----
Stealth        | 3 4 5 6 |  6.1
Dodging        | 3 4 5 |  5.5
Spellcasting   | 3 4 5 |  5.1
Summonings     | 5 6 7 |  7.6
Fighting       | 1 3 |  3.2

Action                   |  1- 3 |  4- 6 |  7- 9 || total
-------------------------+-------+-------+-------++-------
Melee: Unarmed           |     3 |       |       ||     3
       Tentacles         |    10 |     9 |    10 ||    29
       Dagger            |    25 |    13 |       ||    38
       Constrict         |     8 |    14 |     8 ||    30
       Short sword       |       |    47 |    42 ||    89
       Punch             |       |     1 |     2 ||     3
 Cast: Summon Small Mamm |    25 |     4 |     1 ||    30
       Call Imp          |    13 |    17 |    15 ||    45
       Call Canine Famil |       |    10 |    36 ||    46
       Summon Guardian G |       |       |     3 ||     3
  Use: Potion            |       |     5 |     7 ||    12
       Scroll            |       |       |     3 ||     3
 Stab: Sleeping          |     3 |     8 |     2 ||    13
       Distracted        |       |     1 |       ||     1
Armor: Skin              |     4 |     2 |     2 ||     8
Dodge: Dodged            |    26 |    49 |    61 ||   136
